 Dungeon Crawl Stone Soup version 0.29.1-12-g30fa7ad0bf (webtiles) character file.

Game seed: 9531851673255896049

639 croobank the Conjurer (level 7, -3/52 HPs)
             Began as a Demonspawn Conjurer on Dec 18, 2022.
             Slain by Duvessa
             ... wielding a +0 rapier
              (7 damage)
             ... on level 4 of the Dungeon.
             The game lasted 00:25:10 (4532 turns).

croobank the Conjurer (Demonspawn Conjurer)         Turns: 4532, Time: 00:25:11

Health: -3/52      AC:  7    Str:  7    XL:     7   Next: 25%
Magic:  0/12       EV: 12    Int: 22    God:
Gold:   104        SH:  0    Dex: 11    Spells: 7/13 levels left

rFire   . . .      SeeInvis .   e - +0 short sword
rCold   . . .      Faith    .   (no shield)
rNeg    . . .      Spirit   +   a - +0 robe
rPois   .          Reflect  .   v - +2 helmet
rElec   .          Harm     .   (no cloak)
rCorr   .          Rampage  .   q - +1 pair of gloves
Will    .....                   (no boots)
Stlth   ++........              (no amulet)
HPRegen 0.17/turn               (no ring)
MPRegen 0.26/turn               (no ring)

@: about to teleport
A: demonic guardian 1, magic shield, magic regeneration, weakness stinger 1
a: no special abilities


You were on level 4 of the Dungeon.
You visited 1 branch of the dungeon, and saw 4 of its levels.

You collected 104 gold pieces.

Inventory:

Hand Weapons
 e - a +0 short sword (weapon)
 f - a +0 rapier
 s - a +0 shortbow of flaming
Armour
 a - a +0 robe (worn)
 d - a +0 leather armour
 q - a +1 pair of gloves (worn)
 v - a +2 helmet (worn)
Scrolls
 c - 2 scrolls of fear
 h - a scroll of immolation
 n - a scroll of identify {unknown}
 p - a scroll of butterflies {unknown}
 t - a scroll of poison {unknown}
Potions
 g - a potion of cancellation {unknown}
 i - a potion of invisibility {unknown}
 j - 2 potions of curing {unknown}
 l - a potion of heal wounds {unknown}
 o - a potion of lignification {unknown}
 r - 2 potions of attraction {unknown}
 u - a potion of berserk rage {unknown}
 w - a potion of might {unknown}


   Skills:
 + Level 3.0 Fighting
 + Level 3.6 Dodging
 + Level 3.9 Stealth
 + Level 3.7 Spellcasting
 + Level 5.3 Conjurations


You had 7 spell levels left.
You knew the following spells:

 Your Spells              Type           Power      Damage    Failure   Level
a - Magic Dart            Conj           100%       1d8       1%          1
b - Searing Ray           Conj           54%        2d6       1%          2
c - Dazzling Flash        Conj/Hex       30%        N/A       12%         3

Your spell library contained the following spells:

 Spells                   Type           Power      Damage    Failure   Level
 Call Imp                 Summ           4%         N/A       17%         2
 Mephitic Cloud           Conj/Pois/Air  11%        N/A       17%         3
 Fulminant Prism          Conj/Hex       7%         3d7       36%         4
 Iskenderun's Mystic Bla  Conj/Tloc      15%        2d5       36%         4
 Summon Forest            Summ/Tloc      2%         N/A       97%         5
 Summon Mana Viper        Hex/Summ       4%         N/A       97%         5
 Summon Cactus Giant      Summ           2%         N/A       100%        6


Dungeon Overview and Level Annotations

Branches:
Dungeon (4/15)
 Temple: D:4-7

Altars:
Hepliaklqana

Shops:
D:1 :

Annotations:
D:3 4 runed translucent doors, Coaxmetal's ghost, amateur GrEE; Crazy Yiuf; Tang's ghost, amateur PaFi; sigtrap's ghost, amateur GrFi
D:4 Duvessa


Innate Abilities, Weirdness & Mutations

A weak demonic guardian rushes to your aid.
When hurt, damage is shared between your health and your magic reserves.
You regenerate magic rapidly.
You have a small tail.


Message History

Duvessa is lightly wounded. (Press . to maintain the ray.)
The searing ray hits Dowan!
Dowan is heavily wounded.
Duvessa hits you with a +0 rapier! Dowan hits you with a +0 dagger.
The searing ray hits Dowan!
Dowan is almost dead.
Duvessa hits you with a +0 rapier. Dowan casts a spell at you.
You resist with some effort.
The searing ray hits Dowan!
You kill Dowan!
Duvessa weeps, and shakes her weapon.
Duvessa goes berserk!
You finish channelling your searing ray.
Duvessa hits you but does no damage. Duvessa hits you with a +0 rapier.
Your Fighting skill increases to level 3!
Casting: Searing Ray (safe; 1% risk of failure)
Confirm with . or Enter, or press ? or * to list all spells.
Aiming: Searing Ray (safe; 1% risk of failure)
Press: ? - help, Shift-Dir - straight line, f/p - Duvessa
Aim: Duvessa, wielding a +0 rapier and wearing a +0 chain mail (lightly wounded, berserk, 87% to hit)
The searing ray hits Duvessa.
Duvessa is moderately wounded. (Press . to maintain the ray.) Duvessa barely misses you.
The searing ray hits Duvessa.
Duvessa is moderately wounded.
Duvessa hits you with a +0 rapier!! Duvessa barely misses you.
Without enough magic to sustain it, your searing ray dissipates.
Duvessa barely misses you.
You aren't carrying any items that you can evoke.
Okay, then.
As you read the scroll of teleportation, it crumbles to dust.
You feel strangely unstable. Duvessa hits you with a +0 rapier!
* * * LOW HITPOINT WARNING * * *
A demonic guardian appears!
Duvessa hits you with a +0 rapier.
* * * LOW HITPOINT WARNING * * *
Duvessa attacks as you move away! Duvessa hits you with a +0 rapier!
You die...

.# ###..##.......†.## .#
##.....#..........#
.###.....####....#.>##
..#..###.#####...#...##
.....# #..##......#...##
.....###......#...#....##
###..##.......##........#
#...........###..>.....
#...#........#@e.......
#...##......5.)##....##
#..#.#......#... #####
#........#..###..
#...##...#...# ...
....##.... .## ....
...... ..... ..... .#....


You could see Duvessa (berserk, ally target) and a friendly shadow imp
(summoned).

Vanquished Creatures
  Eustachio (D:4)
  A scorpion (D:4)
  Dowan (D:4)
  A howler monkey (D:4)
  2 orc priests (D:3)
  Jessica (D:2)
  4 gnolls (D:2)
  5 adders
  3 worms (D:2)
  3 dart slugs
  6 orcs
  4 bats
  3 endoplasms
  8 giant cockroaches
  5 goblins
  7 hobgoblins
  3 jackals
  10 kobolds
  A quokka (D:2)
  9 ball pythons
  6 frilled lizards
  9 rats
93 creatures vanquished.

Vanquished Creatures (collateral kills)
  A centaur (D:3)
  A jackal (D:3)
2 creatures vanquished.

Vanquished Creatures (others)
  8 plants (D:2)
8 creatures vanquished.

Grand Total: 103 creatures vanquished

Notes
Turn   | Place    | Note
-------+----------+-------------------------------------------
     0 | D:1      | croobank the Demonspawn Conjurer began the quest for the
                  | Orb.
     0 | D:1      | Reached XP level 1. HP: 13/13 MP: 3/3
   263 | D:1      | Gained mutation: A weak demonic guardian rushes to your
                  | aid. [demonic ancestry]
   263 | D:1      | Reached XP level 2. HP: 15/19 MP: 0/5
   271 | D:1      | Learned a level 2 spell: Searing Ray
  1105 | D:1      | Found Nuxzu's Book Shop.
  1172 | D:1      | Gained mutation: You regenerate magic rapidly. [demonic
                  | ancestry]
  1172 | D:1      | Reached XP level 3. HP: 24/24 MP: 0/6
  1352 | D:1      | Learned a level 3 spell: Dazzling Flash
  1626 | D:2      | Found a faded altar of an unknown god.
  1795 | D:2      | Reached skill level 1 in Fighting
  1795 | D:2      | Reached XP level 4. HP: 32/32 MP: 1/7
  1947 | D:2      | Noticed Jessica
  1951 | D:2      | Killed Jessica
  2234 | D:2      | Found a hazy altar of Hepliaklqana.
  2320 | D:2      | Gained mutation: You have a small tail. [demonic ancestry]
  2320 | D:2      | Reached XP level 5. HP: 37/37 MP: 6/9
  2938 | D:3      | Noticed a centaur
  2943 | D:3      | Killed a centaur
  3099 | D:3      | Gained mutation: When hurt, damage is shared between your
                  | health and your magic reserves. [demonic ancestry]
  3099 | D:3      | Reached XP level 6. HP: 40/44 MP: 6/10
  3483 | D:3      | Found a runed translucent gate.
  3496 | D:3      | Found a runed translucent gate.
  3496 | D:3      | Found a runed translucent gate.
  3498 | D:3      | Noticed sigtrap's ghost (amateur GrFi)
  3498 | D:3      | Noticed Coaxmetal's ghost (amateur GrEE)
  3498 | D:3      | Noticed Tang's ghost (amateur PaFi)
  3777 | D:3      | Found a runed translucent door.
  3778 | D:3      | Noticed Crazy Yiuf
  4082 | D:4      | Reached skill level 5 in Conjurations
  4202 | D:4      | Noticed Eustachio
  4216 | D:4      | Killed Eustachio
  4217 | D:4      | Reached XP level 7. HP: 25/51 MP: 1/12
  4520 | D:4      | Noticed Duvessa
  4520 | D:4      | Noticed Dowan
  4527 | D:4      | Killed Dowan
  4532 | D:4      | Slain by Duvessa

Illustrated notes

Levels and vault maps discovered:
D:1:      dpeg_arrival_line_fractal, layout_rooms, serial_shops,
          nicolae_shop_crystal
D:2:      layout_basic, serial_bayou, serial_bayou_shore_a,
          serial_bayou_lagoon_a, serial_bayou_pond_e, serial_bayou_pond_d,
          basic_altar, hellmonk_ecumenical_altar_leap_of_faith, uniq_jessica
D:3:      layout_basic, gammafunk_ghost_cemetery, uniq_crazy_yiuf_cottage
D:4:      layout_cave_pools, grunt_tough_drop, uniq_duvessa, uniq_eustachio

Skill      XL: |  1  2  3  4  5  6  7 |
---------------+----------------------+-----
Stealth        | 2 3 |  3.9
Dodging        | 2 3 |  3.6
Fighting       | 1 2 3 |  3.0
Spellcasting   | 3 |  3.7
Conjurations   | 5 |  5.3

Action                   |  1- 3 |  4- 6 |  7- 9 || total
-------------------------+-------+-------+-------++-------
Melee: Unarmed           |     7 |       |       ||     7
       Short sword       |    15 |    35 |     4 ||    54
       Tailslap          |       |     4 |       ||     4
       Punch             |       |       |     1 ||     1
Throw: Throwing net      |       |     1 |       ||     1
 Cast: Magic Dart        |    52 |    50 |     5 ||   107
       Searing Ray       |     5 |    27 |     3 ||    35
       Dazzling Flash    |       |     3 |       ||     3
  Use: Potion            |     1 |       |       ||     1
       Scroll            |       |     5 |     1 ||     6
 Stab: Sleeping          |     2 |     3 |       ||     5
       Held in net/web   |       |     1 |       ||     1
Armor: Robe              |     8 |    19 |     1 ||    28
Dodge: Dodged            |    25 |    47 |     6 ||    78
